 Dungeon Crawl Stone Soup version 0.13.0-17-g5f0e85f (webtiles) character file.

321 4tharraofdagon the Magician (level 5, 0/26 HPs)
             Began as a Deep Elf Wizard on Oct 21, 2013.
             Slain by a hound (2 damage)
             ... on Level 7 of the Dungeon.
             The game lasted 00:07:12 (1270 turns).

4tharraofdagon the Magician (Deep Elf Wizard)       Turns: 1270, Time: 00:07:12

HP   0/26        AC  3     Str  4      XL: 5   Next: 60%
MP  10/20        EV 12     Int 24      God:
Gold 107         SH  0     Dex 13      Spells:  3 memorised,  8 levels left

Res.Fire  : . . .   See Invis. : .   m - +1,+0 elf sabre
Res.Cold  : . . .   Warding    : .   a - +0 elf robe
Life Prot.: . . .   Conserve   : .   (no shield)
Res.Poison: .       Res.Corr.  : .   h - +1 orc wizard hat
Res.Elec. : .       Clarity    : .   (no cloak)
Sust.Abil.: . .     Spirit.Shd : .   (no gloves)
Res.Mut.  : .       Stasis     : .   (no boots)
Res.Rott. : .       Flight     : .   (no amulet)
Saprovore : . . .                    (no ring)
                                     (no ring)

@: slightly resistant to hostile enchantments, fairly stealthy
A: no striking features
a: no special abilities


You were on level 7 of the Dungeon.
You were hungry.

You visited 1 branch of the dungeon, and saw 7 of its levels.

You collected 87 gold pieces.

Inventory:

Hand weapons
 m - a +1,+0 elven sabre (weapon)
Missiles
 u - 5 javelins (quivered)
Armour
 a - a +0 elven robe (worn)
 b - a +0 elven wizard hat
 h - a +1 orcish wizard hat (worn)
 w - a +0 orcish visored helmet
Magical devices
 t - a wand of disintegration (2)
Comestibles
 d - 3 bread rations
 o - a meat ration
 r - a chunk of goblin flesh
 s - a chunk of jackal flesh
Scrolls
 g - a scroll of blinking {unknown}
 i - 3 scrolls of remove curse {unknown}
 j - 3 scrolls of identify {unknown}
 n - a scroll of curse armour {unknown}
 q - a scroll of teleportation
Potions
 e - a potion of heal wounds {unknown}
 f - a potion of curing {unknown}
 k - 2 potions of agility {unknown}
 l - a potion of degeneration {unknown}
 p - a potion of magic {unknown}
 v - a potion of confusion {unknown}
Books
 c - a book of Minor Magic

   Spells                             Type                      Level
   *Magic Dart                        Conjuration                  1
   Blink                              Translocation                2
   Call Imp                           Summoning                    2
   Repel Missiles                     Charms/Air                   2
   Slow                               Hexes                        2
   *Conjure Flame                     Conjuration/Fire             3
   *Mephitic Cloud                    Conjuration/Poison/Air       3


   Skills:
 - Level 2.4 Dodging
 - Level 2.4 Stealth
 + Level 5.8 Spellcasting
 * Level 5.2 Conjurations
   Level 1.1 Summonings
   Level 1.1 Translocations


You had 8 spell levels left.
You knew the following spells:

 Your Spells              Type           Power        Failure   Level  Hunger
a - Magic Dart            Conj           ####         1%          1    None
b - Conjure Flame         Conj/Fire      ###.....     10%         3    #......
c - Mephitic Cloud        Conj/Pois/Air  ###.....     14%         3    #......


Dungeon Overview and Level Annotations

Branches:
Dungeon (7/27)
 Temple: D:4-7          Orc: D:6-11

Altars:


Message History

Casting: Magic Dart
Confirm with . or Enter, or press ? or * to list all spells.
Aiming: Magic Dart
Press: ? - help, Shift-Dir - straight line, f/p - worker ant
Aim: a worker ant (severely wounded)
The magic dart hits the worker ant.
The worker ant is almost dead.
Casting: Magic Dart
Confirm with . or Enter, or press ? or * to list all spells.
Aiming: Magic Dart
Press: ? - help, Shift-Dir - straight line, f/p - worker ant
Aim: a worker ant (almost dead)
The magic dart hits the worker ant.
The worker ant is almost dead.
The hound bites you.
* * * LOW HITPOINT WARNING * * *
The worker ant bites you.
* * * LOW HITPOINT WARNING * * *
The hound bites you.
You die...

... .........
...........
.............
...............
...............
...............
.........a.......
.......h@%.......
.................
...............
...$...........
...............
.............
...........
......... ...


You could see a hound and a worker ant.

Vanquished Creatures
  An ogre (D:4)
  A hound (D:7)
  2 worker ants (D:4)
  2 worms
  A giant gecko (D:4)
  2 orcs (D:5)
  9 bats
  A hobgoblin (D:4)
  3 jackals
  2 kobolds (D:1)
  A giant cockroach (D:1)
  7 goblins
  An orc skeleton (D:6)
  A quokka (D:5)
  4 rats
38 creatures vanquished.

Notes
Turn   | Place    | Note
--------------------------------------------------------------
     0 | D:1      | 4tharraofdagon, the Deep Elf Wizard, began the quest for the Orb.
     0 | D:1      | Reached XP level 1. HP: 8/8 MP: 7/7
   264 | D:2      | Reached XP level 2. HP: 11/13 MP: 2/10
   611 | D:5      | Entered Level 5 of the Dungeon
   700 | D:4      | Reached XP level 3. HP: 13/17 MP: 2/13
   705 | D:4      | Learned a level 3 spell: Conjure Flame
   709 | D:4      | Learned a level 3 spell: Mephitic Cloud
   779 | D:4      | Reached skill level 5 in Spellcasting
   868 | D:4      | Reached XP level 4. HP: 22/22 MP: 1/17
   913 | D:4      | Noticed an ogre
   941 | D:4      | Killed an ogre
   941 | D:4      | Reached XP level 5. HP: 26/26 MP: 1/20
  1130 | D:5      | Reached skill level 5 in Conjurations
  1169 | D:6      | Noticed an orange demon
  1169 | D:6      | Noticed an orange demon
  1170 | D:6      | Noticed an orange demon
  1173 | D:6      | Noticed an orange demon
  1176 | D:6      | Noticed a phantom
  1270 | D:7      | Slain by a hound

Action                   |  1- 3 |  4- 6 || total
-------------------------+-------+-------++-------
Melee: Sabre             |       |    12 ||    12
       Unarmed           |       |     5 ||     5
Throw: Javelin           |     6 |     7 ||    13
 Cast: Magic Dart        |    74 |    37 ||   111
       Conjure Flame     |     2 |     6 ||     8
Evoke: Wand              |     3 |     1 ||     4
  Use: Scroll            |       |     1 ||     1
